 Dungeon Crawl Stone Soup version 0.16.1-4-g8e1b745 (webtiles) character file.

3333 Shoikan the Basher (level 9, -8/79 HPs)
             Began as a Minotaur Berserker on Mar 27, 2015.
             Was a High Priest of Trog.
             Mangled by stickyfingers' ghost (9 damage)
             ... on level 9 of the Dungeon.
             The game lasted 01:15:59 (8200 turns).

Shoikan the Basher (Minotaur Berserker)             Turns: 8200, Time: 01:15:59

Health: -8/79      AC: 13    Str: 23    XL:     9   Next: 71%
Magic:  1/1        EV: 10    Int:  7    God:    Trog [*****.]
Gold:   441        SH:  0    Dex:  9    Spells: 0 memorised, 8 levels left

rFire  . . .     SeeInvis .     I - +7 morningstar (antimagic)
rCold  . . .     Clarity  .     z - +0 chain mail
rNeg   . . .     SustAb   .     (no shield)
rPois  .         Gourm    .     (helmet restricted)
rElec  .         Spirit   .     J - +0 cloak
rCorr  .         Warding  .     (no gloves)
rMut   .         Stasis   .     o - +0 pair of boots
MR     .....                    (no amulet)
Stlth  ..........               (no ring)
                                (no ring)

@: exhausted, slowed, very slow, not resistant to hostile enchantments,
extremely unstealthy
A: retaliatory headbutt, horns 2
a: Burn Spellbooks, Berserk, Trog's Hand, Brothers in Arms, Renounce Religion


You were on level 9 of the Dungeon.
You worshipped Trog.
Trog was extremely pleased with you.
You were near starving.

You visited 1 branch of the dungeon, and saw 9 of its levels.

You collected 441 gold pieces.

Inventory:

Hand weapons
 l - a +0 dagger of venom
 v - a +2 whip of electrocution
 y - a +1 long sword of holy wrath
 E - a +1 whip of flaming
 I - a +7 antimagic morningstar (weapon)
 N - a +3 flail
Armour
 o - a +0 pair of boots (worn)
 z - a +0 chain mail (worn)
 J - a +0 cloak (worn)
Jewellery
 h - an uncursed ring of flight {unknown}
 r - a +3 ring of dexterity {unknown}
 B - an uncursed ring of wizardry {unknown}
Magical devices
 D - a wand of enslavement (0)
Scrolls
 d - 2 scrolls of enchant weapon
 f - a scroll of blinking {unknown}
 g - a scroll of amnesia {unknown}
 j - 3 scrolls of identify
 k - a scroll of remove curse
 n - 2 scrolls of teleportation {unknown}
 q - 4 scrolls of recharging
 t - 3 scrolls of noise {unknown}
 u - a scroll of torment {unknown}
 x - 2 scrolls of enchant armour {unknown}
 G - a scroll of immolation {unknown}
 K - a scroll of fog {unknown}
 M - a scroll of acquirement {unknown}
Potions
 a - 4 potions of brilliance {unknown}
 e - 7 potions of restore abilities
 s - a potion of curing
 w - 3 potions of haste {unknown}
 A - a potion of ambrosia {unknown}
 C - a potion of agility {unknown}
 F - a potion of lignification {unknown}
 L - a potion of might {unknown}
Comestibles
 c - 9 bread rations
 i - a slice of pizza
 m - a beef jerky
 p - 3 royal jellies
 H - 3 meat rations


   Skills:
 * Level 7.0 Fighting
 - Level 12.0 Maces & Flails
 * Level 8.5 Armour
 + Level 5.6 Dodging


You had 8 spell levels left.
You didn't know any spells.

Dungeon Overview and Level Annotations

Branches:
Dungeon (9/15)             Temple (0/1) D:6
   Lair: D:8-11         Orc: D:9-12

Altars:
Dithmenos
Elyvilon
Fedhas
Okawaru
Trog
Xom
Yredelemnul

Annotations:
D:9 stickyfingers' ghost, powerful MiMo


Innate Abilities, Weirdness & Mutations

You reflexively headbutt those who attack you in melee.
You have a pair of horns on your head.


Message History

The gnoll hits you but does no damage.
You closely miss stickyfingers' ghost.
Stickyfingers' ghost is moderately damaged.
Stickyfingers' ghost hits you!
* * * LOW HITPOINT WARNING * * *
The gnoll sergeant hits you but does no damage.
The gnoll barely misses you.
You barely miss stickyfingers' ghost.
Stickyfingers' ghost is moderately damaged.
You feel a strong urge to attack something.
You are no longer berserk.
Trog's vigour flows through your veins.
You are exhausted.
You feel yourself slow down.
You are near starving!
Stickyfingers' ghost hits you!
* * * LOW HITPOINT WARNING * * *
Stickyfingers' ghost hits you!
* * * LOW HITPOINT WARNING * * *
Stickyfingers' ghost hits you!
You die...

.....r.......#
.........$.....
.......g....P..
...............
########gg(..P.
#....... #.......
###############r......
#....@Wggg.ggr†.......
#.#############..#####
#..# #..# #..# #..#
#..# #..# #..


You could see a gnoll sergeant, stickyfingers' ghost, 4 gnolls and a rat.

Vanquished Creatures
  Pikel (D:6)
  The ghost of puimuR the Chopper, an average DsAM (D:4)
  An orc warrior (D:8)
  A sky beast (D:8)
  An ice beast (D:7)
  5 ogres
  2 black bears
  3 centaurs
  A phantom (D:5)
  A crocodile (D:9)
  A giant frog (D:7)
  2 scorpions
  6 killer bees (D:8)
  5 crimson imps
  A centaur zombie (D:8)
  3 jellies
  3 orc priests
  7 orc wizards
  A centaur skeleton (D:6)
  A giant frog zombie (D:7)
  3 hounds
  3 iguanas
  4 worker ants
  2 hound skeletons
  5 adders
  4 gnolls
  5 worms
  2 giant mites
  An adder zombie (D:6)
  4 giant geckos
  2 oozes (D:4)
  23 orcs
  A ball python (D:2)
  2 bat zombies
  6 giant cockroaches
  12 goblins
  13 hobgoblins
  4 jackals (D:4)
  10 kobolds
  14 bats
  A giant cockroach zombie (D:5)
  2 giant gecko zombies
  6 giant newts
  A giant spore (D:9)
  8 quokkas
  12 rats
  6 fungi (D:7)
  3 plants (D:7)
206 creatures vanquished.

Vanquished Creatures (others)
  A necrophage (D:6)
  A kobold (D:6)
2 creatures vanquished.

Grand Total: 208 creatures vanquished

Notes
Turn   | Place    | Note
--------------------------------------------------------------
     0 | D:1      | Shoikan, the Minotaur Berserker, began the quest for the Orb.
     0 | D:1      | Reached XP level 1. HP: 19/19 MP: 1/1
   324 | D:1      | Reached skill level 4 in Maces & Flails
   353 | D:1      | Reached XP level 2. HP: 27/27 MP: 1/1
   600 | D:2      | Acquired Trog's second power
  1336 | D:2      | Reached XP level 3. HP: 33/33 MP: 2/2
  1381 | D:2      | Reached skill level 5 in Maces & Flails
  1713 | D:2      | Reached XP level 4. HP: 40/40 MP: 2/2
  1818 | D:2      | Reached skill level 6 in Maces & Flails
  2345 | D:3      | Found a shimmering altar of Xom.
  2352 | D:3      | Reached skill level 7 in Maces & Flails
  2352 | D:3      | Reached XP level 5. HP: 46/46 MP: 2/2
  2532 | D:4      | Noticed an ogre
  2536 | D:4      | Killed an ogre
  2536 | D:4      | Reached skill level 8 in Maces & Flails
  2536 | D:4      | Reached XP level 6. HP: 37/52 MP: 3/3
  2912 | D:4      | Acquired Trog's third power
  3102 | D:4      | Reached skill level 9 in Maces & Flails
  3170 | D:4      | Noticed puimuR's ghost (average DsAM)
  3181 | D:4      | Killed puimuR's ghost
  3181 | D:4      | Reached XP level 7. HP: 58/58 MP: 3/3
  3378 | D:4      | Reached skill level 10 in Maces & Flails
  3674 | D:4      | Noticed a black bear
  3680 | D:4      | Killed a black bear
  3736 | D:5      | Entered Level 5 of the Dungeon
  3918 | D:6      | Reached skill level 11 in Maces & Flails
  4178 | D:5      | Reached XP level 8. HP: 62/66 MP: 3/3
  5016 | D:6      | Reached skill level 12 in Maces & Flails
  5056 | D:6      | Noticed Pikel
  5102 | D:6      | Killed Pikel
  5158 | D:6      | Found a bloodstained altar of Trog.
  5277 | D:6      | Found a staircase to the Ecumenical Temple.
  5285 | D:6      | Reached skill level 5 in Fighting
  5285 | D:6      | Reached skill level 5 in Armour
  5852 | D:7      | Found a white marble altar of Elyvilon.
  5853 | D:7      | Found a shadowy altar of Dithmenos.
  5858 | D:7      | Found a basalt altar of Yredelemnul.
  5917 | D:7      | Reached XP level 9. HP: 57/74 MP: 4/4
  6598 | D:7      | Found a blossoming altar of Fedhas.
  6895 | D:7      | Received a gift from Trog
  7103 | D:8      | Reached skill level 5 in Dodging
  7396 | D:8      | Found an iron altar of Okawaru.
  8159 | D:9      | Noticed stickyfingers' ghost (powerful MiMo)
  8198 | D:9      | HP: 1/79 [stickyfingers' ghost (14)]
  8200 | D:9      | Mangled by stickyfingers' ghost

Action                   |  1- 3 |  4- 6 |  7- 9 || total
-------------------------+-------+-------+-------++-------
Melee: Mace              |    68 |     3 |       ||    71
       Whip              |       |   143 |   291 ||   434
       Morningstar       |       |       |    97 ||    97
Invok: Burn Spellbooks   |     1 |     1 |     2 ||     4
       Berserk           |       |     1 |     1 ||     2
  Use: Scroll            |       |       |     6 ||     6
       Potion            |       |       |     2 ||     2
  Eat: Chunk             |     2 |     5 |    12 ||    19
       Bread ration      |       |       |     1 ||     1
